 Dungeon Crawl Stone Soup version 0.31-a0-202-g547052bce9 (webtiles) character file.

Game seed: 4420817338331712835

144 lunkers the Poker (level 5, -2/41 HPs)
             Began as a Meteoran Wanderer on June 26, 2023.
             Was a Believer of Nemelex Xobeh.
             Killed from afar by an orc wizard (10 damage)
             ... with a puff of flame
             ... on level 5 of the Dungeon.
             The game lasted 00:04:15 (1172 turns).

lunkers the Poker (Meteoran Wanderer)               Turns: 1172, Time: 00:04:16

Health: -2/41      AC:  3    Str: 15    XL:     5   Next: 82%
Magic:  12/12      EV: 16    Int: 10    God:    Nemelex Xobeh [**....]
Gold:   163        SH:  0    Dex: 17    Spells: 11/12 levels left

rFire   . . .        a - +1 spear
rCold   . . .        (no shield)
rNeg    + . .        c - +0 leather armour
rPois   .            (no helmet)
rElec   .            (no cloak)
rCorr   .            (no gloves)
SInv    .            (no boots)
Will    .....        (no amulet)
Stlth   +            i - ring of positive energy
HPRegen 0.26/turn    j - +5 ring of evasion
MPRegen 0.13/turn

%: no passive effects
@: glowing
A: sense surroundings 1, otherworldly, glowing, explore regen
a: Renounce Religion, Draw Escape, Draw Destruction, Draw Summoning


You were on level 5 of the Dungeon.
You worshipped Nemelex Xobeh.
Nemelex Xobeh was pleased with you.
You visited 1 branch of the dungeon, and saw 5 of its levels.

You collected 163 gold pieces.

Inventory:

Hand Weapons
 a - a +1 spear (weapon)
Armour
 c - a +0 leather armour (worn)
Jewellery
 i - a ring of positive energy (left hand)
 j - a +5 ring of evasion (right hand)
Wands
 n - a wand of flame (26)
Scrolls
 b - 2 scrolls of teleportation
 g - a scroll of poison
Potions
 d - a potion of mutation {unknown}
 e - 2 potions of berserk rage
 h - a potion of might {unknown}
 k - a potion of curing
 l - a potion of lignification {unknown}
 m - a potion of heal wounds {unknown}


   Skills:
 - Level 2.1 Fighting
 * Level 5.1 Polearms
 - Level 4.0 Spellcasting
 - Level 2.4 Air Magic
 + Level 3.1 Invocations
 - Level 2.4 Evocations


You had 11 spell levels left.
You knew the following spells:

 Your Spells              Type           Power      Damage    Failure   Level
p - Shock                 Conj/Air       16%        1d4       19%         1

Your spell library contained the following spells:

 Spells                   Type           Power      Damage    Failure   Level
 Poisonous Vapours        Pois/Air       8%         N/A       28%         2
 Cigotuvi's Dreadful Rot  Necr/Pois/Air  6%         N/A       34%         2
 Stone Arrow              Conj/Erth      4%         3d7       67%         3
 Animate Armour           Summ/Erth      4%         N/A       97%         4
 Lehudib's Crystal Spear  Conj/Erth      1%         10d2      100%        8


Dungeon Overview and Level Annotations

Branches:
Dungeon (5/15) Zot: 1837   Temple (0/1) D:4

Altars:
Cheibriados
Fedhas
Gozag
Hepliaklqana
Kikubaaqudgha
Nemelex Xobeh
Okawaru
Qazlal
Xom
Yredelemnul
Zin
The Shining One


Innate Abilities, Weirdness & Mutations

You passively map a small area around you.
You are easily found by Zot.
You glow in the dark.
You regain HP and MP as you explore.


Message History

The orc priest completely misses you.
You're too confused to aim your attacks!
You hit the orc priest.
You kill the orc priest!
Something hits you.
* * * LOW HITPOINT WARNING * * *
Your Polearms skill increases to level 5!
Your Invocations skill increases to level 3!
Something hits you.
* * * LOW HITPOINT WARNING * * *
Things that are here:
a +0 dagger; a +0 ring mail You feel better.
Something hits you.
* * * LOW HITPOINT WARNING * * *
Something hits you but does no damage.
You closely miss something. Something hits you.
* * * LOW HITPOINT WARNING * * *
Reach: a) +1 spear
Press: ? - help, Dir - move target You barely miss something.
Something hits you.
* * * LOW HITPOINT WARNING * * *
Reach: a) +1 spear
Press: ? - help, Dir - move target You hit something but do no damage.
Something hits you.
* * * LOW HITPOINT WARNING * * *
Reach: a) +1 spear
Press: ? - help, Dir - move target You hit something but do no damage.
Something hits you.
* * * LOW HITPOINT WARNING * * *
Reach: a) +1 spear
Press: ? - help, Dir - move target You miss something.
Reach: a) +1 spear
Press: ? - help, Dir - move target You miss something.
You hear some strange, mumbled words.
A puff of flame appears from out of thin air!
The puff of flame hits you!
You die...
Your body glows slightly brighter and disappears.

* *
#######,,,
,#..)..+ ,
, , ,
#.....#,,
, ,
#)...#, *
#.@{.#,
#.<).# , ,
, ,#...)#
,, #....+
#....# ,
#....#,
#....# ,
,, #....#
#....# , ,
,


There were no monsters in sight!

Vanquished Creatures
  An orc priest (D:5)
  An orc wizard (D:5)
  3 adders
  An ufetubus (D:4)
  2 worms
  2 dart slugs
  3 orcs
  3 bats
  7 endoplasms
  A giant cockroach (D:3)
  3 hobgoblins
  4 jackals (D:2)
  A quokka (D:1)
  3 ball pythons
  3 frilled lizards
  2 goblins
  6 kobolds
  3 rats
49 creatures vanquished.

Notes
Turn   | Place    | Note
-------+----------+-------------------------------------------
     0 | D:1      | lunkers the Meteoran Wanderer began the quest for the Orb.
     0 | D:1      | lunkers set off with the following items: a +1 spear, a
                  | scroll of teleportation, a +0 leather armour; and the
                  | following spell memorised: Shock; and the following spells
                  | available to memorise: Poisonous Vapours, Cigotuvi's
                  | Dreadful Rot.
     0 | D:1      | Reached XP level 1. HP: 17/17 MP: 6/6
    35 | D:1      | Reached skill level 2 in Polearms
    35 | D:1      | Reached XP level 2. HP: 19/24 MP: 2/8
   149 | D:1      | Found a faded altar of an unknown god.
   157 | D:1      | Prayed at the altar of an unknown god.
   157 | D:1      | Became a worshipper of Nemelex Xobeh the Trickster
   157 | D:1      | Reached * piety under Nemelex Xobeh
   366 | D:2      | Reached XP level 3. HP: 29/29 MP: 6/9
   368 | D:2      | Reached skill level 3 in Polearms
   384 | D:2      | Reached skill level 1 in Invocations
   398 | D:2      | Received a gift from Nemelex Xobeh
   482 | D:2      | Reached ** piety under Nemelex Xobeh
   585 | D:3      | Reached XP level 4. HP: 9/36 MP: 6/11
   710 | D:3      | Found a glowing golden altar of the Shining One.
   740 | D:3      | Reached skill level 4 in Polearms
   819 | D:4      | Found an iron altar of Okawaru.
   819 | D:4      | Found a stormy altar of Qazlal.
   819 | D:4      | Found a hazy altar of Hepliaklqana.
   819 | D:4      | Found a snail-covered altar of Cheibriados.
   820 | D:4      | Found a shimmering altar of Xom.
   820 | D:4      | Found a basalt altar of Yredelemnul.
   820 | D:4      | Found a glowing silver altar of Zin.
   821 | D:4      | Found a blossoming altar of Fedhas.
   821 | D:4      | Found an opulent altar of Gozag.
   822 | D:4      | Found an ancient bone altar of Kikubaaqudgha.
   931 | D:4      | Reached XP level 5. HP: 33/41 MP: 8/12
  1120 | D:4      | Found a staircase to the Ecumenical Temple.
  1146 | D:5      | Entered Level 5 of the Dungeon
  1164 | D:5      | Reached skill level 5 in Polearms
  1172 | D:5      | Killed from afar by an orc wizard

Illustrated notes

Levels and vault maps discovered:
D:1:      minmay_arrival_jagged, layout_basic, serial_shops,
          nicolae_shop_tiny_glass, dilly_ecumenical_altar_fadedgnrine
D:2:      layout_basic, serial_bayou, serial_bayou_shore_a,
          serial_bayou_lagoon_a, serial_bayou_pond_e, serial_bayou_shore_b,
          serial_bayou_ford_a, uniq_robin
D:3:      layout_basic, mainiacjoe_overflow_cross_hatched, chequers_jeans,
          minmay_liquid_box
D:4:      layout_cave_pools, nicolae_overflows_in_rows, temple_statues
D:5:      layout_gridville, uniq_eustachio

Skill      XL: |  1  2  3  4  5 |
---------------+----------------+-----
Polearms       | 2 3 4 5 |  5.1
Invocations    | 1 2 3 |  3.1
Fighting       | |  2.1
Spellcasting   | |  4.0
Air Magic      | |  2.4
Evocations     | |  2.4

Action                     |  1- 3 |  4- 6 || total
---------------------------+-------+-------++-------
  Melee: Spear             |    70 |    75 ||   145
         Punch             |     1 |     1 ||     2
   Cast: Shock             |    41 |    21 ||    62
 Invoke: Draw Destruction  |       |     1 ||     1
    Use: Scroll            |       |     6 ||     6
         Potion            |       |     1 ||     1
 Armour: Leather armour    |    16 |    10 ||    26
  Dodge: Dodged            |    21 |    36 ||    57

Table legend: (Time is in decaauts)
 A = Elapsed time spent in this place.
 B = Non-inter-level travel time spent in this place.
 C = Inter-level travel time spent in this place.
 D = Time resting spent in this place.
 E = Time spent auto-exploring this place.
 F = Levels seen in this place.
 G = Mean time per level.
                   A        B        C        D        E       F      G
               +--------+--------+--------+--------+--------+-----+--------+
         Total |   1161 |   1161 |      0 |      0 |    728 |   5 |  232.2 |
       Dungeon |   1161 |   1161 |      0 |      0 |    728 |   5 |  232.2 |
               +--------+--------+--------+--------+--------+-----+--------+

Top non-repeatable levels by time:
     D:4: 333 daAuts
     D:1: 282 daAuts
     D:3: 269 daAuts
     D:2: 253 daAuts
     D:5: 23 daAuts
